 Dungeon Sprint DCSS version 0.30-a0-691-g754fce4c43 (webtiles) character file.

Game seed: 6591515914803653773

156 BigDaddyOpFi the Nimble (level 8, -2/63 HPs)
             Began as an Octopode Fighter on Jan 19, 2023.
             Was a Priest of Qazlal.
             Constricted to death by a giant anaconda (3 damage)
             ... in the Dungeon (Sprint VI: "Thunderdome").
             The game lasted 00:05:48 (683 turns).

BigDaddyOpFi the Nimble (Octopode Fighter)           Turns: 683, Time: 00:05:49

Health: -2/63      AC:  1    Str: 40    XL:     8   Next: 36%
Magic:  8/8        EV: 17    Int: 18    God:    Qazlal [***...]
Gold:   80         SH: 10    Dex: 10    Spells: 7/7 levels left

rFire   + . .      SeeInvis .    a - +0 war axe
rCold   + . .      Faith    .    b - +0 buckler
rNeg    . . .      Spirit   .    (helmet restricted)
rPois   +          Reflect  .    o - amulet "Vymuu" {RegenMP rF+}
rElec   +          Harm     .    n - ring "Oschypiw" {rF- Will+ Str+4 Int+3}
rCorr   +          Rampage  .    p - ring of Giriloh {Wiz Dex+2}
Will    +....      NoTele   +    q - ring "Iruipneo" {rPois Str+6}
Stlth   ++                       r - ring "Dexkag" {rElec Str+6}
HPRegen 0.30/turn                s - ring of Attitude {rC+ Int+3 Dex-3 Stlth+}
MPRegen 0.51/turn                d - ring of Giuhil {EV+5 Int+2}
                                 e - ring of Zutoigg {rF+ rCorr Str+6}
                                 (no ring)

@: mighty, hasted, constricted, very quick
A: almost no armour, amphibious, 8 rings, camouflage 1, gelatinous body 1,
(nimble swimmer 1), tentacles
a: Renounce Religion, Upheaval, Elemental Force


You were in the Dungeon.
You worshipped Qazlal.
Qazlal was most pleased with you.
You visited 1 branch You collected 440 gold pieces.
You spent 360 gold pieces at shops.

Inventory:

Hand Weapons
 a - a +0 war axe (weapon)
Armour
 b - a +0 buckler (worn)
Jewellery
 d - the ring of Giuhil (on tentacle) {EV+5 Int+2}
   (You bought it in a shop in the Dungeon)

   [ring of evasion]

   EV:        It affects your evasion (+5).
   Int:       It affects your intelligence (+2).
 e - the ring of Zutoigg (on tentacle) {rF+ rCorr Str+6}
   (You bought it in a shop in the Dungeon)

   [ring of strength]

   Str:       It affects your strength (+6).
   rF:        It protects you from fire.
   rCorr:     It protects you from acid and corrosion.
 n - the ring "Oschypiw" (left tentacle) {rF- Will+ Str+4 Int+3}
   (You bought it in a shop in the Dungeon)

   [ring of willpower]

   Str:       It affects your strength (+4).
   Int:       It affects your intelligence (+3).
   rF:        It makes you vulnerable to fire.
   Will:      It increases your willpower.
 o - the amulet "Vymuu" (around mantle) {RegenMP rF+}
   (You bought it in a shop in the Dungeon)

   [amulet of magic regeneration]

   It increases your rate of magic regeneration.
   rF:        It protects you from fire.
 p - the ring of Giriloh (right tentacle) {Wiz Dex+2}
   (You bought it in a shop in the Dungeon)

   [ring of wizardry]

   It improves your spell success rate.
   Dex:       It affects your dexterity (+2).
 q - the ring "Iruipneo" (on tentacle) {rPois Str+6}
   (You bought it in a shop in the Dungeon)

   [ring of poison resistance]

   Str:       It affects your strength (+6).
   rPois:     It protects you from poison.
 r - the ring "Dexkag" (on tentacle) {rElec Str+6}
   (You bought it in a shop in the Dungeon)

   [ring of strength]

   Str:       It affects your strength (+6).
   rElec:     It insulates you from electricity.
 s - the ring of Attitude (on tentacle) {rC+ Int+3 Dex-3 Stlth+}
   (You bought it in a shop in the Dungeon)

   [ring of protection from cold]

   Int:       It affects your intelligence (+3).
   Dex:       It affects your dexterity (-3).
   rC:        It protects you from cold.
   Stlth:     It makes you more stealthy.
Scrolls
 i - 2 scrolls of blinking
 m - 3 scrolls of fog
Potions
 f - 3 potions of haste
 g - 2 potions of magic
 h - a potion of berserk rage
 j - a potion of resistance


   Skills:
 + Level 9.6 Fighting
 + Level 9.3 Axes
 + Level 9.6 Dodging
 + Level 9.6 Shields
 + Level 0.0 Invocations


You had 7 spell levels left.
You didn't know any spells.
Your spell library was empty.

Dungeon Overview and Level Annotations

Branches:
Dungeon (1/1)

Altars:
Cheibriados
Dithmenos
Fedhas
Gozag
Kikubaaqudgha
Makhleb
Okawaru
Qazlal
Ru
Sif Muna
Trog
Uskayaw
Vehumet
Wu Jian
Xom
Yredelemnul
Zin
The Shining One
Lugonu

Shops:
D *[??*?*:[((!!!!


Innate Abilities, Weirdness & Mutations

You cannot wear most types of armour.
You are amphibious.
You can wear up to eight rings at the same time.
Your skin changes colour to match your surroundings (Stealth+).
Your rubbery body absorbs attacks. (AC +1, EV +1)
((You are camouflaged when in or above water. (Stealth+)))
You have tentacles for arms and can constrict up to eight enemies at once.


Message History

You feel very mighty all of a sudden. The giant anaconda misses you.
The giant anaconda closely misses you.
You closely miss the giant anaconda. Your squeeze misses the giant anaconda.
Your water elemental disappears in a puff of smoke!
The giant anaconda grabs you. The giant anaconda bites you.
The giant anaconda constricts you.
You closely miss the giant anaconda. Your squeeze misses the giant anaconda.
You block the giant anaconda's attack. The giant anaconda constricts you.
You slice the giant anaconda!!
The giant anaconda is lightly wounded.
The giant anaconda bites you! The giant anaconda constricts you.
The giant anaconda barely misses you. The giant anaconda constricts you.
You slice the giant anaconda!!
The giant anaconda is moderately wounded.
The giant anaconda closely misses you. The giant anaconda constricts you.
You escape the giant anaconda's grasp.
The giant anaconda attacks as you move away!
You block the giant anaconda's attack.
You closely miss the giant anaconda.
The giant anaconda is moderately wounded.
The giant anaconda closely misses you.
You block the giant anaconda's attack. x2
The giant anaconda misses you.
You miss the giant anaconda.
The giant anaconda is moderately wounded.
The giant anaconda grabs you. You block the giant anaconda's attack.
The giant anaconda constricts you.
You hit the giant anaconda but do no damage.
The giant anaconda is moderately wounded.
The giant anaconda bites you. The giant anaconda constricts you.
* * * LOW HITPOINT WARNING * * *
Aiming: Upheaval
Press: ? - help, Dir - move target, f - naga warrior
Aim: a naga warrior, wielding a +0 war axe and wearing a +0 tower shield You fail to use your ability.
The giant anaconda closely misses you. The giant anaconda constricts you.
* * * LOW HITPOINT WARNING * * *
The giant anaconda bites you!
* * * LOW HITPOINT WARNING * * *
The giant anaconda constricts you.
You die...

##.........[...###...÷.........#
#§.[........###...###..........⌠
#§N...(...÷.# #.<.# #..........⌠
#§......[...###...###..........⌠
##........N....###.............#
###∩........8.# #.8........∩###
##∩___.N....###......__.∩##
######.8..○......8.######
#⌠...S@......⌠# ###..☼.§....###
#_......._# #........_#
#_......._# #∩.......∩#
##∩.....∩## ##.....## ##⌠⌠⌠##


You could see a naga warrior, a giant anaconda and a naga (strong).

Vanquished Creatures
  A cyclops (D)
  A troll (D)
  Sigmund (D)
  Blork the orc (D)
  5 vampire bats (D)
  2 orc priests (D)
  Jessica (D)
  An orc wizard (D)
  4 adders (D)
  2 ball pythons (D)
  2 hobgoblins (D)
21 creatures vanquished.

Notes
Turn   | Place    | Note
-------+----------+-------------------------------------------
     0 | D        | BigDaddyOpFi the Octopode Fighter began the quest for the
                  | Orb.
     0 | D        | Reached XP level 1. HP: 16/16 MP: 1/1
     5 | D        | Found an iron altar of Okawaru.
     5 | D        | Found an ornate altar of the Wu Jian Council.
     5 | D        | Round 1.
     6 | D        | Found a corrupted altar of Lugonu.
     6 | D        | Found an opulent altar of Gozag.
     7 | D        | Found a shadowy altar of Dithmenos.
     7 | D        | Found a snail-covered altar of Cheibriados.
     7 | D        | Found a bloodstained altar of Trog.
     7 | D        | Found Jekuluo's Identification Station.
     8 | D        | Found Geteots's Jewellery.
     8 | D        | Found Joelemmoe's Advanced Armour.
    10 | D        | Noticed Sigmund
    22 | D        | Killed Sigmund
    23 | D        | Reached skill level 5 in Axes
    23 | D        | Reached XP level 2. HP: 15/25 MP: 2/2
    23 | D        | Reached XP level 3. HP: 18/30 MP: 3/3
    23 | D        | Reached XP level 4. HP: 21/36 MP: 4/4
    23 | D        | Reached XP level 5. HP: 24/41 MP: 5/5
    36 | D        | Bought a crude ivory ring for 45 gold pieces
    36 | D        | Identified the ring "Oschypiw" {rF- Will+ Str+4 Int+3} (You
                  | bought it in a shop in the Dungeon)
    36 | D        | Bought a pitted zirconium amulet for 45 gold pieces
    36 | D        | Identified the amulet "Vymuu" {RegenMP rF+} (You bought it
                  | in a shop in the Dungeon)
    36 | D        | Bought a crude ivory ring for 45 gold pieces
    36 | D        | Identified the ring of Giriloh {Wiz Dex+2} (You bought it
                  | in a shop in the Dungeon)
    36 | D        | Bought an ancient lapis lazuli ring for 45 gold pieces
    36 | D        | Identified the ring "Iruipneo" {rPois Str+6} (You bought it
                  | in a shop in the Dungeon)
    49 | D        | Noticed Jessica
    54 | D        | Killed Jessica
    99 | D        | Arena points: 12 (+12) [x2]
   171 | D        | Round 2.
   173 | D        | Found a shimmering blue altar of Sif Muna.
   176 | D        | Found a hide-covered altar of Uskayaw.
   177 | D        | Found Uskep's Premium Goods.
   179 | D        | Found an ancient bone altar of Kikubaaqudgha.
   179 | D        | Found a blossoming altar of Fedhas.
   179 | D        | Found a glowing silver altar of Zin.
   179 | D        | Found Pexakeurr's Weapon Rack.
   179 | D        | Found Garitadaa's Miscellaneous Merchandise.
   179 | D        | Found Gif Unot's Basic Armour.
   184 | D        | Found a glowing golden altar of the Shining One.
   190 | D        | Found a burning altar of Makhleb.
   190 | D        | Found Loin's Do-It-Yourself Clinic.
   190 | D        | Found Gimevuil's Bottled Wisdom.
   191 | D        | Found Gepsim's Distillery.
   199 | D        | Found a basalt altar of Yredelemnul.
   199 | D        | Found a shimmering altar of Xom.
   199 | D        | Found a sacrificial altar of Ru.
   199 | D        | Found Votuniug's Distillery.
   205 | D        | Found a radiant altar of Vehumet.
   208 | D        | Found a stormy altar of Qazlal.
   208 | D        | Found Voluablebb's Staff Store.
   209 | D        | Found Goariar's Must-Have Magic.
   209 | D        | Found Mioz's Magic Scroll Shop.
   210 | D        | Found Cetixked's Magic Scroll Shop.
   217 | D        | Became a worshipper of Qazlal Stormbringer
   312 | D        | Reached * piety under Qazlal
   349 | D        | Arena points: 48 (+36) [x3]
   350 | D        | Reached XP level 6. HP: 29/47 MP: 6/6
   373 | D        | Round 3.
   375 | D        | Noticed a cyclops
   388 | D        | Killed a cyclops
   389 | D        | Reached XP level 7. HP: 49/56 MP: 7/7
   397 | D        | Bought a crude pewter ring for 45 gold pieces
   397 | D        | Identified the ring "Dexkag" {rElec Str+6} (You bought it
                  | in a shop in the Dungeon)
   397 | D        | Bought a flickering turquoise ring for 45 gold pieces
   397 | D        | Identified the ring of Attitude {rC+ Int+3 Dex-3 Stlth+}
                  | (You bought it in a shop in the Dungeon)
   409 | D        | Noticed Blork the orc
   422 | D        | Killed Blork the orc
   422 | D        | Reached ** piety under Qazlal
   453 | D        | Noticed a troll
   476 | D        | Killed a troll
   476 | D        | Reached *** piety under Qazlal
   476 | D        | Arena points: 132 (+84) [x4]
   477 | D        | Reached XP level 8. HP: 19/63 MP: 8/8
   494 | D        | Bought a slimy golden ring for 45 gold pieces
   494 | D        | Identified the ring of Giuhil {EV+5 Int+2} (You bought it
                  | in a shop in the Dungeon)
   494 | D        | Bought a flickering wooden ring for 45 gold pieces
   494 | D        | Identified the ring of Zutoigg {rF+ rCorr Str+6} (You
                  | bought it in a shop in the Dungeon)
   511 | D        | Round 4.
   599 | D        | Reached **** piety under Qazlal
   648 | D        | Arena points: 156 (+24) [x1]
   663 | D        | Round 5.
   663 | D        | Noticed a giant anaconda
   663 | D        | Noticed a naga warrior
   683 | D        | HP: 1/63 [giant anaconda (13)]
   683 | D        | Constricted to death by a giant anaconda

Illustrated notes

Levels and vault maps discovered:
D:        arena_sprint

Skill      XL: |  1  2  3  4  5  6  7 |
---------------+----------------------+-----
Fighting       | 6 8 9 |  9.6
Axes           | 5 6 8 9 |  9.3
Dodging        | 6 8 9 |  9.6
Shields        | 6 8 9 |  9.6

Action                   |  1- 3 |  4- 6 |  7- 9 || total
-------------------------+-------+-------+-------++-------
Melee: War axe           |     6 |    23 |    27 ||    56
       Tentacles         |     3 |     3 |     6 ||    12
       Constrict         |     2 |     4 |     3 ||     9
Invok: Elemental Force   |       |       |     1 ||     1
Evoke: Wand              |       |     4 |     6 ||    10
  Use: Potion            |     2 |     1 |     4 ||     7
       Scroll            |       |       |     2 ||     2
Dodge: Dodged            |     2 |    17 |    24 ||    43
Block: Buckler           |     1 |     7 |    24 ||    32

Table legend: (Time is in decaauts)
 A = Elapsed time spent in this place.
 B = Non-inter-level travel time spent in this place.
 C = Inter-level travel time spent in this place.
 D = Time resting spent in this place.
 E = Time spent auto-exploring this place.
 F = Levels seen in this place.
 G = Mean time per level.
                   A        B        C        D        E       F      G
               +--------+--------+--------+--------+--------+-----+--------+
         Total |    684 |    684 |      0 |    223 |     30 |   1 |  684.0 |
       Dungeon |    684 |    684 |      0 |    223 |     30 |   1 |  684.0 |
               +--------+--------+--------+--------+--------+-----+--------+

Top non-repeatable levels by time:
       D: 684 daAuts
